 Dungeon Crawl Stone Soup version 0.32-a0-799-g95e1662365 (webtiles) character file.

Game seed: 11920987239993441937

1334 ezpacito the Trooper (level 8, -4/62 HPs)
             Began as a Coglin Chaos Knight on Mar 21, 2024.
             Was a Plaything of Xom.
             Slain by an iguana (11 damage)
             ... on level 5 of the Dungeon.
             The game lasted 00:06:21 (4213 turns).

ezpacito the Trooper (Coglin Chaos Knight)          Turns: 4213, Time: 00:06:21

Health: -4/62      AC: 11    Str: 15    XL:     8   Next: 61%
Magic:  11/11      EV:  9    Int: 12    God:    Xom [.*....]
Gold:   133        SH:  0    Dex: 13    Spells: 11/11 levels left

rFire   . . .        a - +0 hand axe (chaos) {Ari}
rCold   . . .        b - +0 spear {Tae}
rNeg    + . .        c - +4 scale mail {rN+}
rPois   .            (no helmet)
rElec   .            (no cloak)
rCorr   .            (no gloves)
SInv    .            (no boots)
Will    +....        (amulet unavailable)
Stlth   +            (ring unavailable)
HPRegen 0.30/turn    (ring unavailable)
MPRegen 0.12/turn    (no gizmo)

%: no passive effects
@: enlightened, flying, revved
A: off-hand wielding, slow wielding, warmup strikes, no jewellery
a: Invent Gizmo, Renounce Religion


You were on level 5 of the Dungeon.
You worshipped Xom.
You were a plaything of Xom.
You visited 1 branch of the dungeon, and saw 5 of its levels.
You also visited: Sewer.

You collected 133 gold pieces.

Inventory:

Hand Weapons
 a - a +0 hand axe of chaos (weapon) {Ari}
 b - a +0 spear (offhand) {Tae}
 i - a +0 war axe
 r - a +1 dagger of holy wrath
Missiles
 e - a throwing net
 k - 10 poisoned darts (quivered)
Armour
 c - a +4 scale mail of positive energy (worn)
 g - a +0 chain mail
Magical Staves
 m - a staff of earth
Talismans
 f - a serpent talisman
 s - a blade talisman
Scrolls
 h - 4 scrolls of poison
 l - a scroll of noise {unknown}
 n - a scroll of immolation {unknown}
 p - a scroll of revelation
 t - a scroll of teleportation
 B - 2 scrolls of blinking
Potions
 d - a potion of lignification


   Skills:
 * Level 5.0 Fighting
 * Level 5.0(5.3) Axes
 + Level 2.4(3.8) Polearms
 * Level 4.1 Armour
 * Level 3.7 Dodging
 + Level 2.5 Stealth
 + Level 2.3 Spellcasting
 + Level 3.4 Evocations


You had 11 spell levels left.
You didn't know any spells.
Your spell library contained the following spells:

 Spells                   Type           Power      Damage    Failure   Level
 Dazzling Flash           Conj/Hex       2%         N/A       96%         3
 Mephitic Cloud           Conj/Alch/Air  1%         N/A       96%         3
 Curse of Agony           Necr           1%         N/A       100%        5
 Silence                  Hex/Air        0%         N/A       100%        5


Dungeon Overview and Level Annotations

Branches:
Dungeon (5/15)              Sewer (visited)
 Temple: D:4-7

Altars:

Shops:
D:4 [


Innate Abilities, Weirdness & Mutations

You can wield a second weapon in your off-hand.
It takes a long time for you to wield or remove held weapons.
Your first few attacks do less damage.
You cannot equip rings or amulets.


Message History

As you read the scroll of butterflies, it crumbles to dust.
You hear the flapping of tiny wings.
The iguana is knocked back by the sudden gust.
It was a potion of enlightenment.
You feel very buoyant.
You fly up into the air.
The iguana closely misses your butterfly.
You swap places.
The iguana closely misses your butterfly.
You swap places.
The iguana barely misses your butterfly.
You swap places.
You start resting.
An iguana is nearby!
You regained 2 hp, and now have 7/62 hp.
An iguana is nearby!
You closely miss the iguana with your +0 spear.
The iguana is severely wounded.
You barely miss the iguana with your +0 hand axe of chaos.
You barely miss the iguana with your +0 spear.
The iguana is severely wounded.
You hit the iguana but do no damage. The iguana misses you.
You hit the iguana but do no damage.
The iguana is heavily wounded.
You closely miss the iguana with your +0 hand axe of chaos. "This might be better!"
The iguana is moving more slowly.
The iguana completely misses you.
You hit the iguana with your +0 spear.
The iguana is heavily wounded.
You catch the helpless iguana completely off-guard!
You hit the iguana with your +0 hand axe of chaos.
The iguana is poisoned.
The iguana bites you.
* * * LOW HITPOINT WARNING * * *
You take 2 damage, and have 6/62 hp.
You hit the iguana with your +0 spear.
The iguana is severely wounded.
You strike the helpless iguana from behind!
You hit the iguana with your +0 hand axe of chaos.
You freeze the iguana. The iguana bites you!
You die...

##..#.).b...#ß
####.bb.lb.bbb#ß.
#......bbbbb#....
#...#b##bbbb#b.ß.
#####...bb.b.b.#ß
#..bbb.......#
#.#.#...b###.#
#.l###b.b.....
#..@b.bb#.##..
######bb### #††.#
#†### +..# #.##
#<.# #.......#
..#.....#


You could see an iguana (strong, petrifying, very poisoned, ally target).

Vanquished Creatures
  Sigmund (D:2)
  The ghost of Pifto the Covered, an amateur MDFi (D:4)
  A warg (D:4)
  A water moccasin (D:4)
  2 phantoms (D:4)
  2 bullfrogs
  2 hounds
  2 orc priests (D:5)
  Terence (D:2)
  An iguana (D:5)
  2 orc wizards
  A sleepcap (D:5)
  7 gnolls
  7 adders
  10 dart slugs
  A ribbon worm (D:3)
  7 orcs
  3 bats (D:1)
  6 endoplasms
  8 giant cockroaches
  10 goblins
  10 hobgoblins
  7 jackals
  3 quokkas
  15 ball pythons
  14 frilled lizards
  6 kobolds
  7 rats
138 creatures vanquished.

Vanquished Creatures (collateral kills)
  2 dart slugs (D:2)
2 creatures vanquished.

Grand Total: 140 creatures vanquished

Notes
Turn   | Place    | Note
-------+----------+-------------------------------------------
     0 | D:1      | ezpacito the Coglin Chaos Knight began the quest for the
                  | Orb.
     0 | D:1      | Reached XP level 1. HP: 18/18 MP: 1/1
   235 | D:1      | Reached skill level 1 in Dodging
   260 | D:1      | Reached XP level 2. HP: 24/24 MP: 2/2
   264 | D:1      | XOM: silly message
   503 | D:1      | Reached XP level 3. HP: 29/29 MP: 3/3
   586 | D:1      | XOM: divination: detect items
   842 | D:1      | XOM: silly message
   901 | D:2      | Noticed Terence
   921 | D:2      | Killed Terence
   922 | D:2      | Reached XP level 4. HP: 19/35 MP: 5/5
  1030 | D:2      | XOM: divination: detect creatures
  1064 | D:2      | Noticed Sigmund
  1074 | D:2      | HP: 1/35 [Sigmund/+3 scythe of pain (1)]
  1122 | D:2      | HP: 1/35 [something (10)]
  1147 | D:2      | XOM: silly message
  1148 | D:2      | XOM: potion effect (haste)
  1159 | D:2      | HP: 1/35 [adder (2)]
  1161 | D:2      | Reached skill level 1 in Spellcasting
  1161 | D:2      | Reached skill level 1 in Evocations
  1161 | D:2      | Reached XP level 5. HP: 1/41 MP: 6/6
  1182 | D:2      | HP: 2/41 [gnoll/+0 spear (3)]
  1541 | D:2      | Reached skill level 1 in Stealth
  1605 | D:2      | Killed Sigmund
  1606 | D:2      | Reached skill level 1 in Polearms
  1606 | D:2      | Reached XP level 6. HP: 31/48 MP: 7/7
  1859 | D:2      | XOM: silly message
  2131 | D:3      | Found a glowing drain.
  2135 | Sewer    | Entered a sewer
  2228 | Sewer    | XOM: cast spell 'Fugue of the Fallen'
  2437 | Sewer    | XOM: silly message
  2442 | Sewer    | Reached XP level 7. HP: 52/54 MP: 7/9
  2526 | Sewer    | XOM: silly message
  2756 | D:3      | XOM: silly message
  2774 | D:3      | XOM: silly message
  2920 | D:4      | XOM: divination: detect creatures
  3033 | D:4      | XOM: cloud trail
  3042 | D:4      | a scorpion changed into a warg
  3042 | D:4      | Noticed a warg
  3043 | D:4      | Killed a warg
  3064 | D:4      | XOM: cast spell 'Summon Small Mammal'
  3101 | D:4      | XOM: silly message
  3215 | D:4      | Found a large runed translucent door.
  3216 | D:4      | Found a large runed translucent door.
  3217 | D:4      | Noticed Pifto's ghost (amateur MDFi)
  3230 | D:4      | XOM: potion effect (attraction)
  3236 | D:4      | Reached XP level 8. HP: 46/61 MP: 10/10
  3357 | D:4      | XOM: 1-stop teleportation journey
  3749 | D:4      | Found Ybbouc's Armour Boutique.
  3876 | D:4      | Killed Pifto's ghost
  4055 | D:5      | Entered Level 5 of the Dungeon
  4152 | D:5      | Identified the +0 leather armour of Impatience {Stlth+}
  4163 | D:5      | XOM: swap monsters
  4173 | D:5      | Reached skill level 5 in Fighting
  4176 | D:5      | Reached skill level 5 in Axes
  4192 | D:5      | HP: 2/62 [iguana (6)]
  4211 | D:5      | XOM: enchant monster (good)
  4213 | D:5      | Slain by an iguana

Illustrated notes

Levels and vault maps discovered:
D:1:      elethiomel_arrival_fortress_basement, layout_basic
D:2:      minmay_skewed_foursquare, layout_rooms, hangedman_decor_points,
          uniq_sigmund, uniq_terence
D:3:      layout_rooms, gup_sewer_entry_bowl
D:4:      layout_loops_ring, serial_shops, kennysheep_mini_moat,
          ebering_ghost_disaster_area
D:5:      layout_cave_pools, nicolae_overflow_crystal_walls,
          grunt_gozag_breadcrumbs, trog_butcher_becter,
          minmay_temple_entry_statues, nicolae_elemental_shop,
          kennysheep_minor_cross

Skill      XL: |  1  2  3  4  5  6  7  8 |
---------------+-------------------------+-----
Armour         | 2 3 4 |  4.1
Dodging        | 1 2 3 |  3.7
Spellcasting   | 1 2 |  2.3
Evocations     | 1 2 3 |  3.4
Stealth        | 1 2 |  2.5
Polearms       | 1 2 |  2.4
Fighting       | 4 5 |  5.0
Axes           | 4 5 |  5.0

Action                     |  1- 3 |  4- 6 |  7- 9 || total
---------------------------+-------+-------+-------++-------
  Melee: Hand axe          |    67 |   118 |   153 ||   338
         Dagger            |    60 |    22 |       ||    82
         Spear             |       |   131 |   172 ||   303
  Throw: Dart              |       |    11 |       ||    11
  Evoke: Wand              |       |       |     4 ||     4
    Use: Scroll            |     1 |     6 |     4 ||    11
         Potion            |       |       |     3 ||     3
   Stab: Held in net/web   |       |     1 |       ||     1
         Confused          |       |       |     9 ||     9
         Paralysed         |       |       |     8 ||     8
         Petrifying        |       |       |     2 ||     2
 Armour: Leather armour    |    54 |     3 |       ||    57
         Scale mail        |       |   113 |   110 ||   223
  Dodge: Dodged            |    46 |    65 |    70 ||   181

Table legend: (Time is in decaauts)
 A = Elapsed time spent in this place.
 B = Non-inter-level travel time spent in this place.
 C = Inter-level travel time spent in this place.
 D = Time resting spent in this place.
 E = Time spent auto-exploring this place.
 F = Levels seen in this place.
 G = Mean time per level.
                   A        B        C        D        E       F      G
               +--------+--------+--------+--------+--------+-----+--------+
         Total |   4310 |   4151 |    159 |    233 |   2673 |   6 |  718.3 |
       Dungeon |   3716 |   3557 |    159 |    233 |   2526 |   5 |  743.2 |
         Sewer |    594 |    594 |      0 |      0 |    146 |   1 |  594.0 |
               +--------+--------+--------+--------+--------+-----+--------+

Top non-repeatable levels by time:
     D:4: 1173 daAuts
     D:2: 1004 daAuts
     D:1: 879 daAuts
   Sewer: 594 daAuts
     D:3: 502 daAuts
     D:5: 156 daAuts
